AoeStats
← xUnForSak3nz

Lombardia

510021631Analyzed
4v4 RM · 2d ago on Sep 29, 2026· 58m 47s· 8 players
Game mode
Random Map
Map size
Large (8 player)
Population
200
Speed
Normal
Resources
Standard
Victory
Conquest
Starting age
Dark Age
Ending age
Imperial Age
RankedLock teamsTeams togetherTeam positionsShared explorationLock speedFull tech treeHidden civsTurbo modeCheats
Victory
Defeat
🇺🇸 Varangians · United States
599
+15
🇨🇱 Romans · Chile
577
+16
🇺🇸 Saxons · United States
515
+18
🇨🇴 Teutons · Colombia
506
+18
🇲🇽 Huns · Mexico
587
-18
🇦🇷 Khmer · Argentina
572
-17
🇨🇳 Aztecs · China
559
-16
🇲🇽 Celts · Mexico
553
-16
604569544
2:42 Loom
12:44 Feudal Age
14:21 Town Watch
19:32 Castle Age
21:44 Fletching
22:17 Double-Bit Axe
25:24 Bow Saw
25:16 Horse Collar
25:52 Elite Skirmisher
27:46 Padded Archer Armor
30:29 Heavy Plow
31:08 Wheelbarrow
30:51 Atlatl
32:33 Leather Archer Armor
32:44 Man-at-Arms
33:09 Gambesons
33:25 Squires
33:11 Arson
32:47 Pikeman
34:50 Hand Cart
34:56 Stone Mining
34:59 Gold Mining
35:08 Gold Mining
35:46 Fervor
35:32 Long Swordsman
36:29 Scale Mail Armor
39:16 Caravan
41:46 Stone Shaft Mining
41:47 Gold Shaft Mining
44:51 Imperial Age
45:44 Chain Mail Armor
45:39 Forging
45:55 Conscription
46:10 Capped Ram
47:17 Two-Handed Swordsman
50:09 Garland Wars
50:49 Iron Casting
51:24 Sappers
51:29 Champion
56:02 Elite Jaguar Warrior
Marco 1985 MÉXICO City
14:33 Feudal Age
15:11 Double-Bit Axe
15:09 Horse Collar
15:22 Loom
16:14 Wheelbarrow
20:14 Forging
20:05 Scale Mail Armor
20:54 Gold Mining
24:14 Castle Age
22:50 Scale Barding Armor
25:43 Hand Cart
29:17 Town Watch
29:34 Heavy Plow
30:12 Gold Shaft Mining
30:50 Stone Mining
34:25 Bow Saw
36:19 Caravan
41:11 Town Patrol
43:58 Chain Mail Armor
43:45 Padded Archer Armor
44:59 Squires
44:19 Pikeman
48:40 Imperial Age
47:18 Iron Casting
48:45 Halberdier
49:40 Bloodlines
49:31 Husbandry
48:51 Cavalier
50:35 Blast Furnace
49:56 Chain Barding Armor
50:00 Ballistics
49:52 Fervor
50:03 Sanctity
52:10 Two-Man Saw
51:00 Man-at-Arms
54:08 Long Swordsman
57:56 Careening
57:58 Clinker Construction
RoberDS1985
19:21 Feudal Age
22:03 Wheelbarrow
24:11 Gold Mining
28:36 Castle Age
26:43 Horse Collar
29:50 Caravan
29:57 Stone Mining
31:49 Double-Bit Axe
32:34 Heavy Plow
33:58 Hand Cart
33:27 Man-at-Arms
35:37 Stone Shaft Mining
35:51 Long Swordsman
37:11 Bow Saw
43:03 Imperial Age
44:26 Elite Ballista Elephant
46:17 Crop Rotation
46:56 Ballistics
47:58 Chemistry
47:59 Two-Handed Swordsman
48:51 Scale Mail Armor
52:08 Scale Barding Armor
52:19 Chain Mail Armor
52:17 Fletching
52:31 Heated Shot
52:53 Fortified Wall
52:57 Forging
52:20 Cavalier
52:55 Pikeman
55:46 Gold Shaft Mining
54:54 Halberdier
56:06 Chain Barding Armor
55:46 Padded Archer Armor
57:29 Heavy Cavalry Archer
57:31 Crossbowman
luisxd665
xUnForSak3nz
0:30 Loom
15:41 Feudal Age
17:54 Wheelbarrow
17:04 Town Watch
17:10 Double-Bit Axe
17:12 Horse Collar
17:27 Stone Mining
17:31 Gold Mining
20:58 Fletching
21:09 Padded Archer Armor
22:23 Forging
22:20 Scale Mail Armor
22:25 Scale Barding Armor
30:36 Castle Age
31:43 Hand Cart
31:30 Town Patrol
31:43 Bow Saw
31:40 Heavy Plow
33:17 Bodkin Arrow
33:38 Leather Archer Armor
33:41 Chain Mail Armor
34:02 Coinage
33:46 Caravan
39:30 Iron Casting
39:26 Chain Barding Armor
47:02 Imperial Age
47:31 Elite Jarl
48:34 Conscription
47:35 Vendel Legacy
47:41 Gothikon
49:47 Chemistry
48:56 Siege Engineers
49:03 Fortified Wall
49:05 Masonry
49:59 Blast Furnace
49:18 Guilds
49:48 Banking
50:48 Bracer
51:19 Ring Archer Armor
51:23 Plate Mail Armor
51:29 Plate Barding Armor
52:31 Two-Man Saw
52:09 Stone Shaft Mining
52:15 Crop Rotation
51:47 Capped Ram
53:45 Siege Ram
54:46 Bloodlines
54:38 Husbandry
54:01 Elite Skirmisher
54:05 Cranequins
54:08 Pikeman
54:39 Gambesons
54:56 Squires
54:46 Arson
55:49 Man-at-Arms
55:52 Halberdier
55:55 Elite Varangian Guard
56:01 Crossbowman
Ghosts_See_Me
1:00 Loom
12:20 Feudal Age
12:50 Double-Bit Axe
13:43 Wheelbarrow
13:42 Gold Mining
18:24 Stone Mining
19:54 Town Watch
20:43 Forging
22:41 Castle Age
21:01 Fletching
21:01 Arson
23:04 Horse Collar
24:52 Bow Saw
24:45 Heavy Plow
25:13 Hand Cart
26:08 Treadmill Crane
26:20 Gambesons
26:35 Squires
27:51 Scale Mail Armor
27:32 Crossbowman
29:27 Caravan
31:32 Pikeman
34:11 Gold Shaft Mining
34:13 Ballistics
34:12 Guard Tower
34:19 Murder Holes
34:31 Clerical Recruitment
35:43 Redemption
35:35 Atonement
35:56 Sanctity
36:41 Iron Casting
36:02 Bodkin Arrow
40:28 Imperial Age
38:42 Devotion
41:17 Chain Mail Armor
41:03 Padded Archer Armor
41:13 Thumb Ring
40:29 Elite Skirmisher
40:31 Cranequins
40:36 Arbalester
41:41 Conscription
41:27 Capped Ram
42:58 Block Printing
43:09 Illumination
43:20 Theocracy
42:14 Shield Wall
43:42 Hoardings
43:54 Bracer
44:44 Plate Mail Armor
45:51 Chemistry
45:03 Masonry
44:35 Elite Hearth Troop
45:58 Town Patrol
45:33 Halberdier
45:35 Man-at-Arms
46:43 Heavy Mounted Crossbowman
49:36 Elite Varangian Guard
54:17 Crop Rotation
54:50 Two-Man Saw
58:32 Architecture
58:40 Keep
57:51 Arrowslits
58:22 Careening
57:46 Long Swordsman
Ka-mi-ka-ze
0:41 Loom
10:07 Feudal Age
11:36 Wheelbarrow
19:16 Castle Age
19:57 Loom
20:28 Hand Cart
20:00 Town Watch
23:19 Double-Bit Axe
23:30 Stone Mining
25:45 Bow Saw
26:07 Horse Collar
26:54 Heavy Plow
28:40 Gold Mining
29:20 Caravan
34:02 Man-at-Arms
34:08 Man-at-Arms
34:51 Long Swordsman
36:54 Gold Shaft Mining
36:38 Forging
36:28 Scale Mail Armor
43:41 Imperial Age
41:50 Forging
41:40 Scale Mail Armor
41:46 Scale Barding Armor
41:47 Squires
43:59 Elite Centurion
45:10 Conscription
46:01 Iron Casting
45:42 Chain Mail Armor
45:47 Chain Barding Armor
45:28 Padded Archer Armor
45:18 Fletching
45:45 Elite Skirmisher
46:35 Legionary
49:29 Comitatenses
49:15 Ballistas
50:18 Chemistry
51:40 Blast Furnace
51:16 Plate Barding Armor
50:37 Bodkin Arrow
50:57 Leather Archer Armor
50:06 Pikeman
52:03 Heavy Scorpion
52:03 Capped Ram
53:52 Siege Ram
55:33 Halberdier
58:44 Ring Archer Armor
Player035929920
40:19 Feudal Age
40:56 Horse Collar
43:09 Double-Bit Axe
48:00 Wheelbarrow
50:56 Scale Mail Armor
51:09 Forging
51:06 Padded Archer Armor
54:16 Fletching
57:14 Castle Age
Connection lost

Rejoining the realm…

Still unreachable

The connection could not be restored.

Session expired

The server has moved on; the page needs a fresh start.